[Event "Titled Tuesday Blitz June 6 Early 2023"]
[White "Pulpan, Jakub"]
[Black "Arencibia Monduy, Antonio"]
[WhiteFideId "302759"]
[BlackFideId "3507939"]
[WhiteElo "2484"]
[BlackElo "2476"]
[Result "1/2-1/2"]
[Round "2"]
[TimeControl "180+2"]
[Date "2023.06.06"]
[WhiteClock "0:00:04"]
[BlackClock "0:00:04"]
[Board "57"]

1. h3 d5 2. Nf3 Nf6 3. b3 c5 4. e3 Nc6 5. Bb2 e6 6. Be2 Bd6 7. d4 cxd4 8. Nxd4 Nxd4 9. Bxd4 e5 10. Bb2 O-O 11. Nd2 Re8 12. O-O Qe7 13. c4 Be6 14. cxd5 Bxd5 15. Bc4 Bc6 16. Qe2 Rad8 17. Bb5 Bb4 18. Nf3 Bxb5 19. Qxb5 Rd5 20. Qc4 b5 21. Qh4 e4 22. Nd4 Qd7 23. a4 bxa4 24. Rxa4 Bc5 25. Ne2 Rh5 26. Qg3 Bd6 27. Nf4 Rf5 28. Rfa1 Bb8 29. Bxf6 Rxf6 30. Qg4 Qxg4 31. hxg4 Bxf4 32. exf4 Rxf4 33. f3 g5 34. Re1 Rb8 35. Rexe4 Rxe4 36. fxe4 Rxb3 37. Rxa7 Rb4 38. Re7 Kg7 39. Kf2 Kf6 40. Re8 Rb2+ 41. Kg3 Rb3+ 42. Kh2 Re3 43. g3 h6 44. Kg2 Ra3 45. Rh8 Kg7 46. Re8 Kf6 47. Rh8 Kg7 48. Rb8 Ra2+ 49. Kh3 Ra3 50. Rb4 Re3 51. Kg2 Kg6 52. Kf2 Ra3 53. Rb6+ Kg7 54. Rb2 Rc3 55. Re2 Ra3 56. Kg2 Ra5 57. Kf3 Re5 58. Ke3 Kf6 59. Rf2+ Kg6 60. Rf5 Re6 61. Ra5 Rb6 62. Ra3 Rb5 63. Kd4 Rb4+ 64. Ke5 Rb8 65. Ra6+ Kg7 66. Ra3 Rb5+ 67. Kd6 Rb6+ 68. Kc5 Re6 69. Kd5 Kf6 70. Rf3+ Ke7 71. Rb3 Rd6+ 72. Ke5 Re6+ 73. Kd4 Rd6+ 74. Ke3 Kf6 75. Rb5 Kg6 76. e5 Re6 77. Kd4 f6 78. exf6 Kxf6 79. Rf5+ Kg6 80. Re5 Rd6+ 81. Rd5 Re6 82. Kc5 Re1 83. Kd6 h5 84. Rd4 hxg4 85. Rxg4 Rd1+ 86. Ke5 Re1+ 87. Re4 Rd1 88. g4 Rd8 89. Ra4 Re8+ 90. Kd6 Rf8 91. Ke7 Rf7+ 92. Ke8 Rf4 93. Ra6+ Kg7 94. Ra7+ Kg6 95. Ra6+ Kg7 96. Ra7+ Kf6 97. Ra6+ Kg7 1/2-1/2


[Site "https://www.chess.com"]

[Event "Titled Tuesday Blitz June 6 Early 2023"]
[White "Goffredo_Fofi"]
[Black "Csonka, Balazs"]
[BlackFideId "742910"]
[WhiteElo "2470"]
[BlackElo "2404"]
[Result "1/2-1/2"]
[Round "2"]
[TimeControl "180+2"]
[Date "2023.06.06"]
[WhiteClock "0:00:12"]
[BlackClock "0:00:06"]
[Board "58"]

1. d4 Nf6 2. Nf3 d5 3. Bf4 c5 4. e3 Nc6 5. Nbd2 Bg4 6. c3 e6 7. Qb3 Qc8 8. Bb5 Nd7 9. h3 Bh5 10. O-O a6 11. Bxc6 Qxc6 12. Ne5 Nxe5 13. Bxe5 c4 14. Qc2 Bg6 15. Qd1 f6 16. Bg3 Be7 17. Re1 O-O 18. f3 Bd3 19. e4 Rfe8 20. exd5 exd5 21. Nf1 b5 22. Qd2 a5 23. a3 Bf8 24. Ne3 Re6 25. Ng4 Rae8 26. Re3 b4 27. axb4 axb4 28. Rae1 b3 29. Nf2 Bc2 30. h4 R8e7 31. Nh3 Qe8 32. Bf2 Rxe3 33. Rxe3 Rxe3 34. Qxe3 Qf7 35. Nf4 g6 36. Qc1 Kg7 37. Be3 h6 38. Ne2 g5 39. hxg5 hxg5 40. Kf2 Qe6 41. Ng3 Bd6 42. Nh5+ Kf7 43. g4 Qd7 44. Kg2 Qa7 45. Ng3 Be7 46. Nh5 Qa2 47. Ng3 Bb1 48. Nf1 Bg6 49. Nd2 Bd6 50. Bf2 Bf4 51. Be1 Qa7 52. Bf2 Qb8 53. Qd1 Bc2 54. Qe1 Qe8 55. Qxe8+ Kxe8 56. Be1 Kf7 57. Kf2 Kg6 58. Ke2 f5 59. Kf2 Bd3 60. Kg2 Be3 61. gxf5+ Kxf5 62. Kg3 Bf4+ 63. Kf2 g4 64. fxg4+ Kxg4 65. Kg2 Be3 66. Kh2 Bxd2 67. Bxd2 Kf3 68. Bh6 Ke2 69. Bf8 Kd1 70. Ba3 Be4 71. Kg3 Kc2 72. Kf4 Kb1 73. Ke5 Kc2 74. Kd6 Kd3 75. Ke5 Kc2 76. Kd6 Kd3 77. Ke5 Kc2 1/2-1/2


[Site "https://www.chess.com"]

[Event "Titled Tuesday Blitz June 6 Early 2023"]
[White "Pakleza, Zbigniew"]
[Black "Zheenbekov, Nurgazy"]
[WhiteFideId "1119290"]
[BlackFideId "13800485"]
[WhiteElo "2410"]
[BlackElo "1975"]
[Result "1-0"]
[Round "2"]
[TimeControl "180+2"]
[Date "2023.06.06"]
[WhiteClock "0:00:03"]
[BlackClock "0:00:01"]
[Board "59"]

1. d4 Nf6 2. Nf3 e6 3. Bf4 d5 4. e3 Bd6 5. Bg3 O-O 6. Nbd2 c5 7. c3 Qc7 8. Be2 Nbd7 9. c4 b6 10. Rc1 Bb7 11. dxc5 bxc5 12. cxd5 exd5 13. O-O Bxg3 14. hxg3 Qb6 15. Qb3 h6 16. Qa3 Rfe8 17. Bd3 Ne4 18. Bxe4 dxe4 19. Nc4 Qb4 20. Nh4 Qxa3 21. Nxa3 Ba6 22. Rfd1 Bd3 23. Nf5 Re6 24. Nc4 g6 25. Nxh6+ Kg7 26. Ng4 f5 27. Nh2 Nb6 28. Na5 c4 29. b3 Rc8 30. bxc4 Na4 31. Nf3 Ra6 32. Nb3 Nb2 33. Rd2 Nxc4 34. Ne5 Nxd2 35. Rxc8 Rxa2 36. Nxd2 Rxd2 37. Rc7+ Kf6 38. f4 exf3 39. Nxf3 Rd1+ 40. Kh2 Be4 41. Rxa7 Rc1 42. Ra6+ Kg7 43. Ne5 Rc2 44. Rxg6+ Kh7 45. Rb6 Rxg2+ 46. Kh3 Rg1 47. Kh4 Re1 48. Kg5 Rxe3 49. Kf4 Re1 50. Ra6 Rb1 51. Kg5 Rb3 52. Ra7+ Kg8 53. Ng6 Rxg3+ 54. Kf6 Rxg6+ 55. Kxg6 f4+ 56. Kg5 f3 57. Ra4 Bc6 58. Rf4 Kg7 59. Rf6 Bd5 60. Rf5 Be4 61. Rf4 Bd5 62. Kf5 Bc6 63. Ke5 Bb7 64. Rf6 1-0


[Site "https://www.chess.com"]

[Event "Titled Tuesday Blitz June 6 Early 2023"]
[White "caropawn10"]
[Black "Zaitsev, Alexander"]
[BlackFideId "4164490"]
[WhiteElo "2734"]
[BlackElo "2373"]
[Result "1/2-1/2"]
[Round "2"]
[TimeControl "180+2"]
[Date "2023.06.06"]
[WhiteClock "0:00:22"]
[BlackClock "0:00:11"]
[Board "60"]

1. c4 Nf6 2. d4 e6 3. Nc3 Bb4 4. e3 b6 5. Bd2 Bb7 6. Nf3 O-O 7. Bd3 d5 8. cxd5 exd5 9. Rc1 a6 10. O-O Nbd7 11. Ne5 Bd6 12. f4 Ne4 13. Nxe4 dxe4 14. Bc4 Qe7 15. Qb3 b5 16. Bd5 Bxd5 17. Qxd5 Nf6 18. Qb3 Qe6 19. Qxe6 fxe6 20. Rc6 Nd5 21. Rfc1 Bxe5 22. dxe5 Kf7 23. Kf2 Ke7 24. Ke2 Kd7 25. R6c5 g5 26. g3 gxf4 27. exf4 h5 28. h4 Rg8 29. Be1 Rg7 30. Rd1 Rag8 31. f5 c6 32. fxe6+ Kxe6 33. Rxc6+ Kxe5 34. Rh6 Rd7 35. Rxh5+ Ke6 36. Rh6+ Ke5 37. Bf2 Rgd8 38. Bd4+ Kf5 39. Rh1 Nf4+ 40. gxf4 Rxd4 41. Re1 Rd2+ 42. Kf1 Kxf4 43. Rf6+ Ke5 44. Rf7 R8d4 45. Kg1 Rd1 46. Rxd1 Rxd1+ 47. Kg2 Rd2+ 48. Kg3 Rxb2 49. h5 Rxa2 50. h6 Ra1 51. Kg2 Ra2+ 52. Kg3 Ra1 53. Kh2 Rc1 54. Rg7 Rc8 55. h7 Rh8 56. Kg3 Kd4 57. Kf4 b4 58. Rd7+ Kc3 59. Kxe4 b3 60. Rc7+ Kb2 61. Kd3 a5 62. Ra7 a4 63. Rxa4 Rxh7 64. Rg4 Rd7+ 65. Kc4 Rc7+ 66. Kb4 Rb7+ 67. Kc4 Rc7+ 68. Kb4 Rc2 69. Rg3 Ka2 70. Rxb3 Rb2 71. Rxb2+ Kxb2 1/2-1/2


[Site "https://www.chess.com"]

[Event "Titled Tuesday Blitz June 6 Early 2023"]
[White "Quintiliano Pinto, Renato R."]
[Black "Andreev, Konstantin"]
[WhiteFideId "2117568"]
[BlackFideId "24239305"]
[WhiteElo "2459"]
[BlackElo "2106"]
[Result "1-0"]
[Round "2"]
[TimeControl "180+2"]
[Date "2023.06.06"]
[WhiteClock "0:01:28"]
[BlackClock "0:00:31"]
[Board "61"]

1. Nf3 Nf6 2. g3 b5 3. Bg2 Bb7 4. O-O e6 5. d3 c5 6. e4 d6 7. Re1 Be7 8. a4 a6 9. Nfd2 Nfd7 10. axb5 axb5 11. Rxa8 Bxa8 12. Na3 b4 13. Nac4 O-O 14. Nb3 d5 15. exd5 Bxd5 16. Be3 Bxg2 17. Kxg2 Nc6 18. Qf3 Qc7 19. Ra1 Nde5 20. Nxe5 Nxe5 21. Qe2 Qc6+ 22. f3 c4 23. Na5 Qd5 24. Nxc4 Nxc4 25. dxc4 Qe5 26. Rb1 Bc5 27. Kf2 Rc8 28. b3 Qc3 29. Bxc5 Rxc5 30. Rd1 g6 31. Rd8+ Kg7 32. Qd2 Qxd2+ 33. Rxd2 Rc7 34. Rd6 Rb7 35. Ke3 Kf6 36. Kd4 Ke7 37. c5 f6 38. Kc4 e5 39. Rd2 f5 40. c6 Rb8 41. Kc5 e4 42. fxe4 fxe4 43. c7 Re8 44. Kc6 e3 45. Re2 1-0


[Site "https://www.chess.com"]

[Event "Titled Tuesday Blitz June 6 Early 2023"]
[White "Jovic, Stanoje"]
[Black "Papasimakopoulos, Alexandros"]
[WhiteFideId "905020"]
[BlackFideId "4244125"]
[WhiteElo "2236"]
[BlackElo "2359"]
[Result "0-1"]
[Round "2"]
[TimeControl "180+2"]
[Date "2023.06.06"]
[WhiteClock "0:00:09"]
[BlackClock "0:00:24"]
[Board "62"]

1. c4 e6 2. g3 d5 3. Bg2 Nf6 4. Nf3 Be7 5. O-O O-O 6. b3 b6 7. Bb2 Bb7 8. d3 dxc4 9. bxc4 c5 10. Nbd2 Nbd7 11. a4 Qc7 12. a5 h6 13. Nb3 Rfd8 14. Qc2 Ne8 15. Rfb1 Bf6 16. Ra2 Bxb2 17. Qxb2 Nd6 18. Nbd2 Nf5 19. Rba1 Ne7 20. Nb1 Nc6 21. Nc3 Nxa5 22. Nb5 Qb8 23. e4 a6 24. Nc3 Qc7 25. Na4 Bc6 26. Rb1 Rab8 27. Qc3 Nb7 28. Nb2 Ra8 29. Nd1 b5 30. Ne3 b4 31. Qb2 a5 32. Ng4 a4 33. Nge5 Nxe5 34. Nxe5 Be8 35. d4 Rxd4 36. Qa1 Qxe5 0-1


[Site "https://www.chess.com"]

[Event "Titled Tuesday Blitz June 6 Early 2023"]
[White "Koutlas, Nikolaos"]
[Black "Ibadov, Dashgyn"]
[WhiteFideId "25827138"]
[BlackFideId "24107514"]
[WhiteElo "2215"]
[BlackElo "2208"]
[Result "1-0"]
[Round "2"]
[TimeControl "180+2"]
[Date "2023.06.06"]
[WhiteClock "0:00:03"]
[BlackClock "0:00:01"]
[Board "63"]

1. c4 Nf6 2. g3 c5 3. Bg2 e6 4. Nc3 d5 5. cxd5 exd5 6. d4 cxd4 7. Qxd4 Nc6 8. Qa4 d4 9. Nb5 Bb4+ 10. Kf1 O-O 11. Bf4 Nd5 12. Bxd5 Qxd5 13. Nf3 Bh3+ 14. Kg1 Qe4 15. Qd1 Rad8 16. Qd3 Rfe8 17. Qxe4 Rxe4 18. Ng5 Rxe2 19. Nxh3 Rxb2 20. Kg2 a6 21. Nc7 h6 22. g4 d3 23. a3 Ba5 24. Rab1 Rxb1 25. Rxb1 d2 26. Rd1 g5 27. Bg3 Rd7 28. Ne8 Re7 29. Nf6+ Kg7 30. Nd5 Re1 31. Ne3 f6 32. Ng1 Nd4 33. Nf3 Rxd1 34. Nxd1 Nc2 35. Bd6 Kf7 36. Bc5 b6 37. Be3 Nxa3 38. Nxd2 Nc2 39. Ne4 b5 40. Ng3 b4 41. Nf5 b3 42. Nd6+ Ke6 43. Nc4 1-0


[Site "https://www.chess.com"]

[Event "Titled Tuesday Blitz June 6 Early 2023"]
[White "Horvath, Dominik"]
[Black "Rodriguez, Santiago"]
[WhiteFideId "1642561"]
[BlackFideId "3000591"]
[WhiteElo "2407"]
[BlackElo "2249"]
[Result "1-0"]
[Round "2"]
[TimeControl "180+2"]
[Date "2023.06.06"]
[WhiteClock "0:00:17"]
[BlackClock "0:00:02"]
[Board "64"]

1. e4 c5 2. Nf3 Nc6 3. d4 cxd4 4. Nxd4 e5 5. Nb5 d6 6. N1c3 a6 7. Na3 b5 8. Nd5 Nge7 9. Bd3 Nxd5 10. exd5 Ne7 11. c4 g6 12. O-O Bg7 13. cxb5 O-O 14. Re1 f5 15. Bf1 e4 16. f3 axb5 17. Nxb5 Ba6 18. a4 Bxb5 19. Bxb5 Be5 20. fxe4 fxe4 21. Bg5 Qb6+ 22. Be3 Qd8 23. Qg4 Nf5 24. Kh1 Bxb2 25. Rab1 Bc3 26. Re2 Qf6 27. Bg1 e3 28. Qe4 Bd4 29. Bd7 Kg7 30. Rf1 Be5 31. Bxf5 gxf5 32. Qxe3 Rxa4 33. Qb3 Rg4 34. Ref2 Qg5 35. Qb7+ Kh8 36. Qd7 f4 37. Re2 f3 38. gxf3 Rxf3 39. Qe8+ Kg7 40. Rxe5 dxe5 41. Qd7+ Kh8 42. Qc8+ Kg7 43. Qb7+ Kh6 44. Qb6+ Kh5 45. Rxf3 e4 46. Rh3+ Rh4 47. Rxh4+ Qxh4 48. Qf2 Qg4 49. Qg3 Qf5 50. d6 Qd5 51. Qh3+ Kg6 52. Qg3+ Kf5 53. h3 e3+ 54. Kh2 Qd2+ 55. Qg2 e2 56. Qg4+ Kf6 57. Qd4+ Qxd4 58. Bxd4+ Ke6 59. Bf2 Kxd6 60. Kg2 Ke5 61. Kf3 Kf5 62. Kxe2 Kf4 63. Kf1 Kf3 64. Kg1 h5 65. Be1 Ke2 66. Bh4 Kf3 67. Kh2 Kf4 68. Kg2 Kf5 69. Kg3 Ke4 70. Bg5 Kf5 71. Bc1 Ke4 72. Kh4 Kf3 73. Kxh5 Kg3 74. h4 1-0


[Site "https://www.chess.com"]

[Event "Titled Tuesday Blitz June 6 Early 2023"]
[White "carokannlover213"]
[Black "KorolDimitriy75"]
[WhiteElo "2720"]
[BlackElo "2452"]
[Result "0-1"]
[Round "2"]
[TimeControl "180+2"]
[Date "2023.06.06"]
[WhiteClock "0:00:23"]
[BlackClock "0:01:50"]
[Board "65"]

1. e4 c5 2. Nf3 d6 3. d4 cxd4 4. Nxd4 Nf6 5. Nc3 g6 6. Be3 Bg7 7. f3 O-O 8. Qd2 Nc6 9. O-O-O d5 10. exd5 Nxd5 11. Nxc6 bxc6 12. Bd4 e5 13. Bc5 Be6 14. Ne4 Rb8 15. Bxf8 Qxf8 16. Kb1 f5 17. Ng5 e4 18. Qe2 Nc3+ 19. Kc1 Nxe2+ 20. Bxe2 Bxb2+ 21. Kd2 Qd8+ 22. Ke1 Qxg5 23. g3 exf3 24. Bd3 Qe3+ 25. Kf1 Bd4 26. Rd2 Qxd2 27. Be2 Qxe2# 0-1


[Site "https://www.chess.com"]

[Event "Titled Tuesday Blitz June 6 Early 2023"]
[White "Ramirez Vido, Robert Yorisan"]
[Black "Jaracz, Pawel"]
[WhiteFideId "3513823"]
[BlackFideId "1102222"]
[WhiteElo "2451"]
[BlackElo "2454"]
[Result "0-1"]
[Round "2"]
[TimeControl "180+2"]
[Date "2023.06.06"]
[WhiteClock "0:00:02"]
[BlackClock "0:01:44"]
[Board "66"]

1. f4 b6 2. Nf3 Bb7 3. g3 Bxf3 4. exf3 c5 5. Kf2 Nc6 6. Nc3 g6 7. Bc4 Bg7 8. Kg2 e6 9. Re1 Nge7 10. d3 h5 11. h4 Nd4 12. Be3 d5 13. Bxd4 Bxd4 14. Bb5+ Kf8 15. Ne2 Bxb2 16. Rb1 Bf6 17. d4 a6 18. dxc5 axb5 19. Rxb5 bxc5 20. Rxc5 Rxa2 21. f5 Nxf5 22. Nf4 Qd6 23. Rc8+ Kg7 24. Rxh8 Kxh8 25. Kh3 Ra3 26. Qe2 Re3 27. Qd2 Rxe1 28. Qxe1 Qe5 29. Qb4 Kg7 0-1


[Site "https://www.chess.com"]

[Event "Titled Tuesday Blitz June 6 Early 2023"]
[White "benny_aizenberg"]
[Black "Rangel, Daniel"]
[BlackFideId "2124475"]
[WhiteElo "2704"]
[BlackElo "2231"]
[Result "1-0"]
[Round "2"]
[TimeControl "180+2"]
[Date "2023.06.06"]
[WhiteClock "0:00:20"]
[BlackClock "0:00:09"]
[Board "67"]

1. f4 c5 2. Nf3 g6 3. e4 Bg7 4. Nc3 e6 5. e5 Ne7 6. Ne4 O-O 7. Nd6 Nf5 8. Nxf5 exf5 9. Bc4 d6 10. d4 cxd4 11. Qxd4 dxe5 12. Qxd8 Rxd8 13. fxe5 Nc6 14. Bf4 Be6 15. Bxe6 fxe6 16. Kf2 h6 17. h4 Rd5 18. Rhe1 Rad8 19. c3 Kf7 20. Re2 b5 21. Rc1 R8d7 22. c4 bxc4 23. Rxc4 Nd4 24. Nxd4 Rxd4 25. Rxd4 Rxd4 26. g3 g5 27. hxg5 hxg5 28. Bxg5 Bf8 29. Rc2 Rd5 30. Rc7+ Kg6 31. Bf6 Rd3 32. Rc8 Bh6 33. Rb8 f4 34. g4 f3 35. g5 Bxg5 36. Rg8+ Kf5 37. Rxg5+ Kf4 38. Ke1 Ke3 39. Rg3 Rd7 40. Bg5+ Ke4 41. Kf2 Rc7 42. Rxf3 Rc2+ 43. Kg3 Rxb2 44. Rf4+ Kxe5 45. Bf6+ Kd5 46. Bxb2 1-0


[Site "https://www.chess.com"]

[Event "Titled Tuesday Blitz June 6 Early 2023"]
[White "Radzhabov, Rodion"]
[Black "Przybylski, Wojciech"]
[WhiteFideId "884715"]
[BlackFideId "1117599"]
[WhiteElo "2174"]
[BlackElo "2228"]
[Result "1-0"]
[Round "2"]
[TimeControl "180+2"]
[Date "2023.06.06"]
[WhiteClock "0:01:20"]
[BlackClock "0:01:29"]
[Board "68"]

1. e4 e5 2. Nf3 Nc6 3. Nc3 Nf6 4. Be2 Be7 5. O-O O-O 6. d4 exd4 7. Nxd4 d6 8. Be3 Re8 9. Nxc6 bxc6 10. Qd3 Nd7 11. f4 Bf8 12. Rad1 a5 13. Qc4 c5 14. Qd5 Nb6 15. Qh5 Bb7 16. Bb5 Rxe4 17. Nxe4 Bxe4 18. Bd3 Qe7 19. Rfe1 Bg6 20. Qf3 Qf6 21. f5 c4 22. Bxb6 cxd3 23. Qxa8 dxc2 24. Rc1 Bxf5 25. Re8 h6 26. Rxf8+ Kh7 27. Rh8+ Kg6 28. Be3 Qe5 29. Qf3 Qxb2 30. Qg3+ Kf6 31. Qh4+ Kg6 32. Rxh6+ gxh6 33. Qxh6# 1-0


[Site "https://www.chess.com"]

[Event "Titled Tuesday Blitz June 6 Early 2023"]
[White "Goryachkina, Aleksandra"]
[Black "Chan, Kim Yew"]
[WhiteFideId "4147103"]
[BlackFideId "5717981"]
[WhiteElo "2471"]
[BlackElo "2206"]
[Result "0-1"]
[Round "2"]
[TimeControl "180+2"]
[Date "2023.06.06"]
[WhiteClock "0:00:01"]
[BlackClock "0:00:02"]
[Board "69"]

1. e4 c5 2. Nf3 e6 3. d4 cxd4 4. Nxd4 Nc6 5. Nc3 Qc7 6. g3 a6 7. Bg2 Nxd4 8. Qxd4 Nf6 9. Bf4 d6 10. Qd3 Be7 11. O-O-O Ng4 12. Qe2 Ne5 13. Be3 O-O 14. f4 Nc4 15. Bd4 b5 16. Rhf1 Bb7 17. h4 Rac8 18. Rd3 b4 19. Nd1 a5 20. f5 e5 21. Bg1 Ba6 22. Kb1 Nb6 23. Ne3 Bxd3 24. Qxd3 Rfd8 25. Bf2 a4 26. g4 a3 27. g5 axb2 28. f6 Bf8 29. fxg7 Bxg7 30. h5 Nc4 31. h6 Bf8 32. Nxc4 Qxc4 0-1


[Site "https://www.chess.com"]

[Event "Titled Tuesday Blitz June 6 Early 2023"]
[White "Samunenkov, Ihor"]
[Black "Makhmudov, Shukhrat"]
[WhiteFideId "14187086"]
[BlackFideId "14200775"]
[WhiteElo "2457"]
[BlackElo "2135"]
[Result "1-0"]
[Round "2"]
[TimeControl "180+2"]
[Date "2023.06.06"]
[WhiteClock "0:00:51"]
[BlackClock "0:00:20"]
[Board "70"]

1. d4 Nf6 2. c4 e6 3. Nc3 Bb4 4. e3 c5 5. Ne2 d6 6. g3 Nc6 7. Bg2 O-O 8. O-O e5 9. dxc5 dxc5 10. Qc2 Bxc3 11. Nxc3 Nb4 12. Qb1 Be6 13. b3 Bg4 14. a3 Nc6 15. Nd5 Nxd5 16. cxd5 Ne7 17. Qe4 Qd7 18. Qxe5 Rad8 19. e4 Rfe8 20. Qc3 b6 21. Bb2 f6 22. Rfe1 Ng6 23. f4 Qc7 24. e5 fxe5 25. fxe5 Bc8 26. Rad1 Bb7 27. d6 Qd7 28. e6 Rxe6 29. Rxe6 Bxg2 30. Re7 Qxe7 31. dxe7 Rxd1+ 32. Kxg2 1-0


[Site "https://www.chess.com"]

[Event "Titled Tuesday Blitz June 6 Early 2023"]
[White "Amilal Munkhdalai"]
[Black "FunnyDuck66"]
[WhiteFideId "4903250"]
[WhiteElo "2293"]
[BlackElo "2417"]
[Result "1-0"]
[Round "2"]
[TimeControl "180+2"]
[Date "2023.06.06"]
[WhiteClock "0:00:40"]
[BlackClock "0:01:17"]
[Board "71"]

1. e4 c6 2. Nf3 d5 3. Nc3 dxe4 4. Nxe4 Nf6 5. Qe2 Nxe4 6. Qxe4 Be6 7. c4 Nd7 8. h3 Nf6 9. Qe3 Bf5 10. d3 e6 11. g4 Bg6 12. Ne5 Bd6 13. Nxg6 hxg6 14. Bg2 Qc7 15. d4 O-O-O 16. Bd2 Rhe8 17. O-O-O e5 18. dxe5 Bxe5 19. Qa3 Kb8 20. Be3 b6 21. Qa4 c5 22. Qb3 Bd4 23. Bxd4 cxd4 24. Kb1 Re2 25. Qf3 Re4 26. g5 Qf4 27. gxf6 Qxf3 28. Bxf3 Rf4 29. Bd5 gxf6 30. Bxf7 Rxf2 31. Bxg6 Rg8 32. Be4 f5 33. Bd5 Re8 34. Rhe1 Rh8 35. Rxd4 Rxh3 36. Ka1 Rhh2 37. Rb1 f4 38. Rd3 Kc7 39. Ra3 a5 40. Rb3 Rd2 41. a3 a4 42. Rb4 Rh3 43. Rf1 Rd4 44. Rxa4 b5 45. Ra7+ Kb6 46. Rb7+ Kc5 47. Rxb5+ Kd6 48. Rb6+ Kc5 49. Rc6# 1-0


[Site "https://www.chess.com"]

[Event "Titled Tuesday Blitz June 6 Early 2023"]
[White "Topalov, Aleksandar"]
[Black "Itgelt, Khuyagtsogt"]
[WhiteFideId "925659"]
[BlackFideId "4902912"]
[WhiteElo "2151"]
[BlackElo "2227"]
[Result "0-1"]
[Round "2"]
[TimeControl "180+2"]
[Date "2023.06.06"]
[WhiteClock "0:00:01"]
[BlackClock "0:00:20"]
[Board "72"]

1. b3 d5 2. Bb2 c6 3. Nf3 Nf6 4. g3 Bg4 5. Bg2 Nbd7 6. O-O e6 7. d3 h6 8. Nbd2 Be7 9. c4 O-O 10. a3 Bf5 11. b4 Re8 12. Qb3 Bh7 13. Rfc1 a5 14. Bc3 Qc7 15. bxa5 Nc5 16. Qc2 Nfd7 17. Rab1 Bf8 18. Bh3 Ra7 19. Rb2 b6 20. axb6 Nxb6 21. Bb4 Nca4 22. c5 Nd7 23. Rbb1 Naxc5 24. Nd4 Rc8 25. Qa2 Ra6 26. Rc2 Qa7 27. Rbc1 Nxd3 28. exd3 Qxd4 29. Bxf8 Nxf8 30. Nb3 Qa7 31. Nc5 Rxa3 32. Qb2 Bxd3 33. Rd2 Bg6 34. Qe5 Ra8 35. Rdd1 Ra2 36. Bg2 Nd7 37. Qd6 Nxc5 38. Qxc5 Qxc5 39. Rxc5 Ra1 40. Rdc1 Rxc1+ 41. Rxc1 Rc8 42. Bh3 c5 43. f4 Kf8 44. Bg2 Ke7 45. Ra1 Rc7 46. Ra8 c4 47. Kf2 c3 0-1


[Site "https://www.chess.com"]

[Event "Titled Tuesday Blitz June 6 Early 2023"]
[White "Fus, Jakub"]
[Black "Moore, Nicholas"]
[WhiteFideId "1193023"]
[BlackFideId "4303709"]
[WhiteElo "2335"]
[BlackElo "2403"]
[Result "1-0"]
[Round "2"]
[TimeControl "180+2"]
[Date "2023.06.06"]
[WhiteClock "0:00:11"]
[BlackClock "0:00:09"]
[Board "73"]

1. c4 c6 2. Nc3 d5 3. e3 Nf6 4. Nf3 e6 5. d4 Nbd7 6. Be2 Bd6 7. O-O O-O 8. b3 b6 9. Bb2 Bb7 10. Bd3 Qe7 11. Re1 Rfe8 12. Rc1 c5 13. cxd5 exd5 14. Bf1 Rad8 15. dxc5 bxc5 16. Rc2 Ne5 17. Nb5 Nxf3+ 18. Qxf3 d4 19. Qh3 Bb8 20. Rce2 d3 21. Rd2 Bc6 22. Rxd3 Rxd3 23. Bxd3 Rd8 24. Bf1 Rd2 25. Qc8+ Qe8 26. Qxe8+ Bxe8 27. Re2 Rd1 28. Nc3 Rd8 29. Re1 Ng4 30. h3 Ne5 31. Rd1 Rxd1 32. Nxd1 c4 33. bxc4 Nd7 34. Bd4 a6 35. Nc3 Bd6 36. Bd3 f6 37. f4 Kf7 38. Kf2 g6 39. g3 Nc5 40. Bc2 Bc6 41. e4 f5 42. e5 Be7 43. Ke3 Ne6 44. Nd5 Bd8 45. Bb3 Ke8 46. Ba7 Kd7 47. Bd4 Kc8 48. Bc3 Kb8 49. g4 fxg4 50. hxg4 h5 51. f5 Nc5 52. fxg6 Bg5+ 53. Kd4 Ne6+ 54. Ke4 h4 55. Be1 h3 56. Bg3 Kc8 57. Kf5 Kd7 58. Nf6+ Ke7 59. Nd5+ Kd7 60. Nf6+ Ke7 61. c5 h2 62. Bxh2 Nd4+ 63. Kxg5 Nxb3 64. axb3 Kf8 65. Kh6 Bd5 66. g7+ Ke7 67. g8=Q Bxg8 68. Nxg8+ Ke6 69. c6 a5 70. Kg5 a4 71. bxa4 Kd5 72. Kf5 Kxc6 73. Ke6 Kc7 74. g5 Kd8 75. g6 Ke8 76. Nf6+ Kf8 77. Bf4 Kg7 78. Kf5 Kf8 79. Bh6+ Ke7 80. g7 Kf7 81. g8=Q+ Ke7 82. Qe8# 1-0


[Site "https://www.chess.com"]

[Event "Titled Tuesday Blitz June 6 Early 2023"]
[White "Koridze, Lile"]
[Black "Prestia, Paris"]
[WhiteFideId "13612514"]
[BlackFideId "30925959"]
[WhiteElo "2047"]
[BlackElo "2685"]
[Result "1/2-1/2"]
[Round "2"]
[TimeControl "180+2"]
[Date "2023.06.06"]
[WhiteClock "0:00:06"]
[BlackClock "0:00:31"]
[Board "74"]

1. d4 Nf6 2. c4 e6 3. Nf3 c5 4. d5 exd5 5. cxd5 d6 6. Nc3 g6 7. Nd2 Bg7 8. Nc4 O-O 9. Bg5 a6 10. a4 Qc7 11. Qd2 Nbd7 12. Qf4 Ne5 13. Bxf6 Bxf6 14. Qxf6 Nxc4 15. Ne4 Qa5+ 16. Qc3 Qxc3+ 17. bxc3 Bf5 18. Nd2 Nxd2 19. Kxd2 b5 20. e3 b4 21. cxb4 cxb4 22. a5 Be4 23. Ra4 Rfb8 24. f3 Bxd5 25. Bd3 Bc6 26. Raa1 Bb5 27. Rhb1 Bxd3 28. Kxd3 Rb5 29. Ra4 Rab8 30. Kc4 Rc5+ 31. Kd3 b3 32. Ra3 Rcb5 33. Kc3 Rc8+ 34. Kd3 b2 35. Ra2 Rcb8 36. Kc2 Rc5+ 37. Kd2 Kf8 38. Rbxb2 Rxb2+ 39. Rxb2 Rxa5 40. Rb7 Ra2+ 41. Kd3 Rxg2 42. Rd7 Rxh2 43. Rxd6 Ra2 44. Ke4 Ra5 45. Rd7 h5 46. Kf4 Kg7 47. e4 h4 48. Kg4 Rh5 49. Kh3 a5 50. f4 Rb5 51. Kxh4 Rb4 52. Re7 Kf8 53. Re5 f6 54. Rxa5 Rxe4 55. Kg3 Kf7 56. Ra7+ Ke6 57. Ra6+ Kf5 58. Ra5+ Ke6 59. Ra6+ Kd7 60. Rxf6 Re1 61. Kf3 Rg1 62. Ra6 Ke7 63. Ra7+ Kf6 64. Ra6+ Kg7 65. Ra7+ Kh6 66. Ra6 Rf1+ 67. Kg4 Rg1+ 68. Kh4 Rf1 69. Kg4 Kg7 70. Ra7+ Kf6 71. Ra6+ Kf7 72. Ra7+ Kf6 73. Ra6+ Kg7 74. Ra7+ Kh6 75. Ra6 1/2-1/2


[Site "https://www.chess.com"]

[Event "Titled Tuesday Blitz June 6 Early 2023"]
[White "Begmuratov, Alisher"]
[Black "Mohammed, Zozek Salah Mohammed"]
[WhiteFideId "14203367"]
[BlackFideId "4803361"]
[WhiteElo "2387"]
[BlackElo "2211"]
[Result "1-0"]
[Round "2"]
[TimeControl "180+2"]
[Date "2023.06.06"]
[WhiteClock "0:02:29"]
[BlackClock "0:02:07"]
[Board "75"]

1. e4 e6 2. d4 d5 3. e5 c5 4. c3 Nc6 5. Nf3 Qb6 6. a3 Bd7 7. b4 cxd4 8. cxd4 Rc8 9. Bb2 a5 10. b5 Na7 11. a4 Bb4+ 12. Nbd2 Ne7 13. Bd3 h6 14. O-O O-O 15. Nb3 Rc7 16. Nc5 Bxc5 17. dxc5 Rxc5 18. Bd4 Qc7 19. Qb3 b6 20. Bxc5 Qxc5 21. Rfc1 1-0


[Site "https://www.chess.com"]

[Event "Titled Tuesday Blitz June 6 Early 2023"]
[White "Martinez Ramirez, Lennis"]
[Black "Fernandez Siles, Luis"]
[WhiteFideId "3509079"]
[BlackFideId "2209420"]
[WhiteElo "2410"]
[BlackElo "2195"]
[Result "1-0"]
[Round "2"]
[TimeControl "180+2"]
[Date "2023.06.06"]
[WhiteClock "0:00:17"]
[BlackClock "0:00:08"]
[Board "76"]

1. c4 Nf6 2. Nf3 g6 3. b4 Bg7 4. Bb2 O-O 5. g3 d6 6. Bg2 e5 7. O-O Nc6 8. b5 Ne7 9. Nc3 Ne8 10. d4 Bd7 11. dxe5 dxe5 12. c5 Qc8 13. Rc1 Bh3 14. Ba3 c6 15. Bxh3 Qxh3 16. Ng5 Qf5 17. Nge4 Nd5 18. Nxd5 Qxe4 19. Ne7+ Kh8 20. bxc6 bxc6 21. Qd7 Nf6 22. Qxc6 Qxe2 23. Qa4 h5 24. c6 Rad8 25. c7 Rd4 26. Qxa7 h4 27. Nxg6+ fxg6 28. Bxf8 h3 29. Bxg7+ Kxg7 30. c8=Q+ Kh6 31. Qxh3+ 1-0


[Site "https://www.chess.com"]